 Dungeon Crawl Stone Soup version 0.28-a0-1545-g945cd3f27e (webtiles) character file.

Game seed: 12088405535431897262

9 BritishOli the Ducker (level 2, 22/22 HPs)
             Began as a Demonspawn Gladiator on Jan 18, 2022.
             Got out of the dungeon alive.
             The game lasted 00:00:16 (174 turns).

BritishOli the Ducker (Demonspawn Gladiator)         Turns: 174, Time: 00:00:17

Health: 22/22      AC:  4    Str: 14    XL:     2   Next: 6%
Magic:  2/2        EV: 12    Int:  9    God:
Gold:   8          SH:  0    Dex: 16    Spells: 1/1 levels left

rFire   . . .      SeeInvis .   a - +0 war axe
rCold   . . .      Faith    .   (no shield)
rNeg    . . .      Spirit   .   b - +0 leather armour
rPois   .          Reflect  .   c - +0 helmet
rElec   .          Harm     .   (no cloak)
rCorr   .          Rampage  .   (no gloves)
Will    .....                   (no boots)
Stlth   ++........              (no amulet)
HPRegen 0.07/turn               (no ring)
MPRegen 0.08/turn               (no ring)

@: no status effects
A: thin skeletal structure 1
a: no special abilities


You escaped.
You visited 1 branch of the dungeon, and saw 1 of its levels.

You collected 8 gold pieces.

Inventory:

Hand Weapons
 a - a +0 war axe (weapon)
Missiles
 d - 3 throwing nets (quivered)
Armour
 b - a +0 leather armour (worn)
 c - a +0 helmet (worn)


   Skills:
 + Level 2.1 Fighting
 + Level 2.8 Axes
 + Level 1.9 Throwing
 + Level 0.4 Armour
 + Level 2.8 Dodging


You had one spell level left.
You didn't know any spells.
Your spell library was empty.

Dungeon Overview and Level Annotations

Branches:
Dungeon (1/15)

Altars:


Innate Abilities, Weirdness & Mutations

You have a somewhat thin skeletal structure. (Dex +2, Stealth+)


Message History

A bat is nearby!
You barely miss the bat. The bat hits you but does no damage.
The bat misses you.
A bat is nearby!
You closely miss the bat. The bat barely misses you.
A bat is nearby!
A bat is nearby!
You slash the bat!
You kill the bat!
A hobgoblin, a ball python and an endoplasm come into view.
The ball python hisses angrily.
The endoplasm quivers.
The hobgoblin shouts!
The hobgoblin barely misses you.
There are monsters nearby!
You closely miss the hobgoblin. You hit the endoplasm. The hobgoblin hits you.
The endoplasm closely misses you.
There are monsters nearby!
You hit the endoplasm.
You kill the endoplasm!
You hit the hobgoblin. The hobgoblin closely misses you.
The hobgoblin hits you. The ball python barely misses you. x2
There are monsters nearby!
There are monsters nearby!
You hit the hobgoblin.
The hobgoblin is almost dead.
You slash the ball python!
You kill the ball python!
The hobgoblin barely misses you.
You have reached level 2!
Your demonic ancestry asserts itself...
Your bones become slightly less dense.
You hit the hobgoblin.
You kill the hobgoblin!
A ball python comes into view.
You see here a ball python corpse.
There is a staircase leading out of the dungeon here.
You can't go down here!
Are you sure you want to leave the Dungeon?
This will make you lose the game!
You have escaped!

#.#†.†#......#.†#
#.....#..#...#..#
####.....#.#...## .##
######.....#.##..#
...###...###.##.#.##..#
...........#.......#..#
...........#.##.##.#...
###...###....#..#
.##.##
#......@#....#... .....
#.......#....#..# ###
...........#(#
....#......#.#
...........#..
#.......#......
#>......#.......
###...###....... .....
...#....


There were no monsters in sight!

Vanquished Creatures
  2 endoplasms (D:1)
  3 hobgoblins (D:1)
  A ball python (D:1)
  2 bats (D:1)
  A rat (D:1)
9 creatures vanquished.

Notes
Turn   | Place    | Note
-------+----------+-------------------------------------------
     0 | D:1      | BritishOli the Demonspawn Gladiator began the quest for the
                  | Orb.
     0 | D:1      | Reached XP level 1. HP: 16/16 MP: 1/1
    77 | D:1      | Gained mutation: You have a somewhat thin skeletal
                  | structure. (Dex +2, Stealth+) [demonic ancestry]
    77 | D:1      | Reached XP level 2. HP: 18/22 MP: 2/2
   174 | D:$      | Got out of the dungeon alive.

Illustrated notes

Levels and vault maps discovered:
D:1:      minmay_arrival_open_corners, layout_basic, minmay_misc_feat_x

Action                   || total
-------------------------++-------
Melee: War axe           ||    16
Armor: Leather armour    ||     4
Dodge: Dodged            ||    12

Table legend: (Time is in decaauts)
 A = Elapsed time spent in this place.
 B = Non-inter-level travel time spent in this place.
 C = Inter-level travel time spent in this place.
 D = Time resting spent in this place.
 E = Time spent auto-exploring this place.
 F = Levels seen in this place.
 G = Mean time per level.
                   A        B        C        D        E       F      G
               +--------+--------+--------+--------+--------+-----+--------+
         Total |    179 |    179 |      0 |      0 |    116 |   1 |  179.0 |
       Dungeon |    179 |    179 |      0 |      0 |    116 |   1 |  179.0 |
               +--------+--------+--------+--------+--------+-----+--------+

Top non-repeatable levels by time:
     D:1: 179 daAuts
